 Dungeon Crawl Stone Soup version 0.17-a0-1719-g1afd5a1 (webtiles) character file.

63 kosy22 the Skirmisher (level 4, -1/40 HPs)
             Began as a Hill Orc Chaos Knight on Aug 27, 2015.
             Slain by a gnoll
             ... wielding a +0 spear
              (3 damage)
             ... on level 2 of the Dungeon.
             The game lasted 00:11:00 (3058 turns).

kosy22 the Skirmisher (Hill Orc Chaos Knight)       Turns: 3058, Time: 00:11:00

Health: -1/40      AC:  9    Str: 15    XL:     4   Next: 10%
Magic:  4/4        EV:  9    Int: 12    God:    Xom [.*....]
Gold:   73         SH:  0    Dex: 10    Spells: 0 memorised, 3 levels left

rFire  . . .     SeeInvis +     a - +0 falchion (chaos)
rCold  . . .     Clarity  .     i - +0 scale mail (curse)
rNeg   . . .     SustAt   .     (no shield)
rPois  .         Gourm    .     (no helmet)
rElec  .         Spirit   .     (no cloak)
rCorr  .         Warding  .     (no gloves)
rMut   .         Stasis   .     j - +2 pair of boots
MR     .....                    (no amulet)
Stlth  ..........               (no ring)
                                g - ring of see invisible

@: not resistant to hostile enchantments, extremely unstealthy
A: no striking features
a: Renounce Religion


You were on level 2 of the Dungeon.
You worshipped Xom.
You were a plaything of Xom.
You were full.

You visited 1 branch of the dungeon, and saw 3 of its levels.

You collected 73 gold pieces.

Inventory:

Hand weapons
 a - a +0 falchion of chaos (weapon)
 k - a +0 mace
Missiles
 n - a javelin
 o - 7 tomahawks (quivered)
Armour
 b - a +2 leather armour
 i - a cursed +0 scale mail (worn)
 j - a +2 pair of boots (worn)
Jewellery
 g - a ring of see invisible (left hand)
Magical devices
 h - a wand of flame (7)
Potions
 c - a potion of brilliance {unknown}
 e - a potion of beneficial mutation {unknown}
 f - 2 potions of heal wounds {unknown}
 m - 3 potions of might {unknown}
Comestibles
 d - a meat ration


   Skills:
 + Level 4.1 Fighting
 + Level 4.1 Long Blades
 + Level 2.7 Armour
 + Level 1.5 Dodging
 + Level 0.6 Stealth


You had 3 spell levels left.
You didn't know any spells.

Dungeon Overview and Level Annotations

Branches:
Dungeon (3/15)

Altars:
Fedhas


Message History

The sky beast hits you but does no damage.
You hit the sky beast but do no damage.
The sky beast flickers and vanishes for a moment.
The sky beast is heavily wounded.
The gnoll hits you with a whip.
* * * LOW HITPOINT WARNING * * *
The gnoll barely misses you.
The sky beast hits you but does no damage.
Read which item? (? for menu, Esc to quit)
As you read the scroll of fog, it crumbles to dust.
The scroll dissolves into smoke.
The gnoll closely misses you. The gnoll misses you.
The sky beast barely misses you. The gnoll hits you but does no damage.
The sky beast hits you but does no damage.
The gnoll hits you but does no damage. x2
The sky beast disappears in a puff of smoke!
The giant newt bites you but does no damage.
The gnoll hits you from afar with a spear.
You die...
Xom chuckles heartily!

#.......##..........#####..##
#§.§§...#####.........# #....
#####§.§§...#####.##.#....####.##
.......§.......>.§§............##
#####.......#####§#####..########
#........≈§§§§§......## #
#.......##§#gg#####...#
##.####...§lg§# #...# #.#
#.##..@g# #...# ######.#
#.###...### #...# ### #......#
#.##......# #...# ##.. #......#
#.......#.###...####... #......##
####...........(....... #.......#
#...........((...... #......##
###..#................ .......#
#......#.###...####### #......#
#.#......# #...#


You could see 4 gnolls and a giant newt.

Vanquished Creatures
  2 adders (D:2)
  3 worms
  2 giant geckos
  An orc (D:3)
  2 goblins
  6 hobgoblins
  2 jackals (D:2)
  4 kobolds
  A ball python (D:2)
  4 bats
  5 giant newts
  3 rats (D:2)
  2 plants (D:1)
37 creatures vanquished.

Notes
Turn   | Place    | Note
--------------------------------------------------------------
     0 | D:1      | kosy22 the Hill Orc Chaos Knight began the quest for the Orb.
     0 | D:1      | Reached XP level 1. HP: 19/19 MP: 1/1
   302 | D:1      | XOM: butterfly on damage
   353 | D:1      | XOM: harmless Fire miscast
   400 | D:1      | XOM: divination: magic mapping
   497 | D:1      | XOM: divination: magic mapping
   699 | D:1      | XOM is BORED!
   699 | D:1      | XOM: noise
   818 | D:2      | XOM: silly message
   824 | D:2      | Reached XP level 2. HP: 17/27 MP: 2/2
   848 | D:2      | XOM: silly message
  1012 | D:2      | Reached skill level 4 in Fighting
  1050 | D:2      | Reached skill level 1 in Dodging
  1364 | D:2      | Reached XP level 3. HP: 24/33 MP: 3/3
  1589 | D:2      | XOM: potion effect (invisibility)
  1838 | D:2      | XOM: harmless Ice miscast
  1887 | D:2      | XOM: harmless Conj miscast
  2065 | D:2      | XOM: harmless Ice miscast
  2145 | D:2      | XOM: snakes to sticks
  2237 | D:2      | XOM: noise
  2307 | D:2      | XOM: cast spell 'Spider Form'
  2531 | D:3      | Found a blossoming altar of Fedhas.
  2550 | D:3      | XOM: noise
  2587 | D:3      | Reached XP level 4. HP: 32/40 MP: 4/4
  2997 | D:2      | XOM: god gift: scale mail {god gift}
  3024 | D:2      | XOM: summons 5 hostile shadow creatures
  3025 | D:2      | Noticed a sky beast
  3054 | D:2      | HP: 2/40 [gnoll/whip (4)]
  3058 | D:2      | Slain by a gnoll

Vault maps used:
D:1:      kilobyte_arrival_exit_the_forest
D:2:      minmay_parallelograms
D:3:      kiku_gazebo_pond_becter, minmay_statues_item, serial_park_tiny_1,
          st_stairs_7, minivault_19, fedhas_altar_1

Action                   |  1- 3 |  4- 6 || total
-------------------------+-------+-------++-------
Melee: Falchion          |   164 |    30 ||   194
  Use: Scroll            |     2 |     3 ||     5
 Stab: Invisible         |     1 |       ||     1
  Eat: Chunk             |     2 |       ||     2
       Bread ration      |     1 |       ||     1
       Meat ration       |       |     1 ||     1
